 Dungeon Crawl Stone Soup version 0.31-a0-267-g3fc6992b3b (webtiles) character file.

Game seed: 14246971747920788399

87 qw the Shooter (level 4, 0/26 HPs)
             Began as a Gargoyle Hexslinger on July 14, 2023.
             Slain by an orc
             ... wielding a +0 mace
              (7 damage)
             ... on level 3 of the Dungeon.
             The game lasted 00:00:49 (2302 turns).

qw the Shooter (Gargoyle Hexslinger)                Turns: 2302, Time: 00:00:49

Health: 0/26       AC:  8    Str: 12    XL:     4   Next: 51%
Magic:  5/5        EV: 10    Int: 13    God:
Gold:   133        SH:  0    Dex: 14    Spells: 4/5 levels left

rFire   . . .        Y - +1 sling
rCold   . . .        (no shield)
rNeg    + . .        a - +0 ring mail
rPois   inf          (no helmet)
rElec   +            (no cloak)
rCorr   .            (no gloves)
SInv    .            (no boots)
Will    .....        (no amulet)
Stlth   +            (no ring)
HPRegen 0.24/turn    (no ring)
MPRegen 0.09/turn

%: no passive effects
@: no status effects
A: sickness immunity, AC +3, negative energy resistance 1, electricity
resistance, torment resistance 1, petrification resistance
a: no special abilities


You were on level 3 of the Dungeon.
You visited 1 branch of the dungeon, and saw 3 of its levels.

You collected 161 gold pieces.
You spent 28 gold pieces at shops.


Innate Abilities, Weirdness & Mutations

You are immune to sickness and miasma.
Your stone body is resilient. (AC +3)
You are immune to poison.
You resist negative energy. (rN+)
You are resistant to electric shocks. (rElec)
You are resistant to unholy torment.
You are immune to petrification.


   Skills:
 - Level 2.0 Fighting
 + Level 4.1 Ranged Weapons
 - Level 1.0 Armour
 - Level 1.5 Dodging
 - Level 1.0 Spellcasting
 - Level 2.6 Hexes


You had 4 spell levels left.
You knew the following spells:

 Your Spells              Type           Power      Damage    Failure   Level
a - Slow                  Hex            28%        N/A       22%         1

Your spell library contained the following spells:

 Spells                   Type           Power      Damage    Failure   Level
 Inner Flame              Hex/Fire       4%         N/A       73%         3
 Portal Projectile        Hex/Tloc       8%         N/A       73%         3
 Cause Fear               Hex            3%         N/A       91%         4

Inventory:

Hand Weapons
 Y - a +1 sling (weapon)
Armour
 a - a +0 ring mail (worn)
Scrolls
 d - a scroll of fear {unknown}
 e - 6 scrolls of identify
 g - a scroll of teleportation {unknown}
Potions
 b - a potion of enlightenment {unknown}
 c - a potion of might
 f - a potion of curing {unknown}
 h - a potion of attraction {unknown}

Dungeon Overview and Level Annotations

Branches:
Dungeon (3/15)

Altars:
The Shining One

Shops:
D:1 (   D:2 ?


Message History

You hear a shout!
An orc comes into view. It is wielding a +0 hand axe.
The orc moves out of view.
An orc comes into view. It is wielding a +0 mace.
You shoot a sling bullet.
The sling bullet hits the orc but does no damage.
The orc closely misses you.
You shoot a sling bullet.
The sling bullet hits the orc but does no damage.
The orc closely misses you.
You shoot a sling bullet. The sling bullet hits the orc.
The orc is almost dead.
The orc closely misses you.
You shoot a sling bullet.
The sling bullet completely misses the orc.
The orc closely misses you.
You shoot a sling bullet. The sling bullet hits the orc.
The orc is almost dead.
The orc hits you with a +0 club. The orc completely misses you.
You shoot a sling bullet.
The sling bullet closely misses the orc.
The orc misses you. The orc hits you but does no damage.
The orc hits you with a +0 mace. The orc misses you. The orc barely misses you.
The orc closely misses you.
You shoot a sling bullet. The sling bullet barely misses the orc.
The orc hits you but does no damage. The orc hits you with a +0 hand axe.
The orc closely misses you.
You shoot a sling bullet.
The sling bullet hits the orc but does no damage.
The orc is almost dead.
The orc hits you but does no damage. x2; The orc hits you with a +0 mace.
You shoot a sling bullet. The sling bullet hits the orc.
You kill the orc!
The orc hits you with a +0 hand axe. The orc hits you with a +0 mace.
The orc hits you but does no damage. The orc hits you with a +0 mace.
Your Armour skill increases to level 1!
You shoot a sling bullet. The sling bullet hits the orc.
The orc is heavily wounded.
The orc barely misses you. The orc hits you with a +0 mace!
You die...

####### ..!..#
##...## #8.o)8#
#.o@# #...#
#############
##...##
.............
#8...8#
#######.#####
##...#### ###...#
#
#...##8###8##..#
#
##..............#
#
#8............#.#
# #.
##............#.#
#


You could see 2 orcs.

Vanquished Creatures
  3 adders
  2 worms (D:2)
  2 dart slugs (D:1)
  An orc (D:3)
  5 endoplasms
  4 giant cockroaches
  2 goblins (D:1)
  5 hobgoblins
  4 jackals (D:1)
  A quokka (D:2)
  5 ball pythons
  2 bats
  3 frilled lizards
  A kobold (D:1)
  8 rats
48 creatures vanquished.

Notes
Turn   | Place    | Note
-------+----------+-------------------------------------------
     0 | D:1      | qw the Gargoyle Hexslinger began the quest for the Orb.
     0 | D:1      | Reached XP level 1. HP: 12/12 MP: 2/2
     0 | D:1      | 0 ||| qw: Version: 0.3-a-52-g30416fa
     0 | D:1      | 0 ||| qw: Game counter: 7912
     0 | D:1      | 0 ||| qw: Melee chars always use a shield: true
     0 | D:1      | 0 ||| qw: God list: Okawaru
     0 | D:1      | 0 ||| qw: Allow faded altars: false
     0 | D:1      | 0 ||| qw: Do Orc after clearing Dungeon:15 true
     0 | D:1      | 0 ||| qw: Do second Lair branch before Depths: true
     0 | D:1      | 0 ||| qw: Lair rune preference: random
     0 | D:1      | 0 ||| qw: Goals: Normal
     0 | D:1      | 0 ||| PLANNING D:1-11
   386 | D:1      | HP: 2/12 [frozen (5)]
   389 | D:1      | Reached XP level 2. HP: 2/16 MP: 3/3
   626 | D:1      | Reached skill level 3 in Ranged Weapons
   654 | D:1      | Reached XP level 3. HP: 16/21 MP: 4/4
  1011 | D:1      | Found Nofourak's Antique Weapon Emporium.
  1160 | D:1      | 1160 ||| UPGRADING to +0 leather armour.
  1170 | D:1      | 1170 ||| DROPPING +0 robe.
  1171 | D:1      | 1171 ||| DROPPING ring of flight.
  1172 | D:1      | 1172 ||| READING scroll labelled CEZARO IFRI.
  1173 | D:1      | 1173 ||| READING 2 scrolls labelled WIAREARPHOU.
  1174 | D:1      | 1174 ||| DROPPING scroll of poison.
  1228 | D:2      | 1228 ||| STAIRDANCE
  1404 | D:2      | Reached XP level 4. HP: 21/26 MP: 5/5
  1529 | D:2      | Reached skill level 4 in Ranged Weapons
  1635 | D:2      | Found a faded altar of an unknown god.
  2041 | D:2      | Found The Oracle's Delphic Readings.
  2045 | D:2      | 2045 ||| BUYING scroll of identify (28 gold).
  2045 | D:2      | Bought a scroll of identify for 28 gold pieces
  2045 | D:2      | 2045 ||| SHOPLISTING scroll of teleportation (42 gold, have
                  | 36).
  2071 | D:2      | 2071 ||| UPGRADING to +0 ring mail.
  2081 | D:2      | 2081 ||| DROPPING +0 leather armour.
  2082 | D:2      | 2082 ||| READING scroll labelled UDUNE OMALYMP.
  2083 | D:2      | 2083 ||| READING 7 scrolls of identify.
  2083 | D:2      | 2083 ||| IDENTIFYING brown potion
  2137 | D:3      | Found a glowing golden altar of the Shining One.
  2301 | D:3      | HP: 6/26 [orc/+0 mace (3)]
  2302 | D:3      | Reached skill level 1 in Armour
  2302 | D:3      | Slain by an orc

Levels and vault maps discovered:
D:1:      psy_arrival_spokes, layout_basic, serial_shops, nicolae_shop_crystal,
          serial_forest, infiniplex_forest_straight_4, infiniplex_forest_end_3,
          infiniplex_forest_lined_3_way, infiniplex_forest_lined_3_way,
          infiniplex_forest_clump_small
D:2:      layout_loops_ring, hellmonk_ecumenical_altar_pennies_from_heaven,
          hangedman_decor_diamond_cutter, nicolae_nh_oracle_at_delphi
D:3:      layout_basic, marbit_many_paths, amcnicky_altar_gilded,
          corexii_hall_statues_l, uniq_sigmund

Skill      XL: |  1  2  3  4 |
---------------+-------------+-----
Ranged Weapons | 3 4 |  4.1
Fighting       | 2 |  2.0
Armour         | 1 |  1.0
Dodging        | |  1.5
Spellcasting   | |  1.0
Hexes          | |  2.6

Action                     |  1- 3 |  4- 6 || total
---------------------------+-------+-------++-------
   Fire: Sling             |   145 |    77 ||   222
    Use: Scroll            |     2 |     2 ||     4
 Armour: Robe              |    14 |       ||    14
         Leather armour    |    13 |     6 ||    19
         Ring mail         |       |     8 ||     8
  Dodge: Dodged            |    57 |    26 ||    83

Table legend:
 A = Non-vault XP
 B = Vault XP
 C = Vault XP percentage of total XP
 D = Non-vault monster count
 E = Vault monster count
 F = Vault count percentage of total count
                 A         B        C        D         E       F
            +---------+---------+-------+---------+---------+-------
      Total |     122 |       3 |   2.4 |      46 |       2 |   4.2
            +---------+---------+-------+---------+---------+-------
        D:1 |      60 |       0 |   0.0 |      26 |       0 |   0.0
        D:2 |      43 |       3 |   6.5 |      16 |       2 |  11.1
        D:3 |      19 |       0 |   0.0 |       4 |       0 |   0.0
            +---------+---------+-------+---------+---------+-------
